 Dungeon Crawl Stone Soup version 0.18-a0-1589-g520a787 (webtiles) character file.

42 Oddball22 the Grave Robber (level 3, -2/28 HPs)
             Began as a Demonspawn Necromancer on Mar 19, 2016.
             Slain by a gnoll
             ... wielding a +0 spear
              (7 damage)
             ... on level 2 of the Dungeon.
             The game lasted 00:10:46 (2162 turns).

Oddball22 the Grave Robber (Demonspawn Necromancer) Turns: 2162, Time: 00:10:47

Health: -2/28      AC:  2    Str:  8    XL:     3   Next: 35%
Magic:  0/6        EV: 12    Int: 16    God:
Gold:   63         SH:  0    Dex: 14    Spells: 1 memorised, 5 levels left

rFire  . . .     SeeInvis .     e - +0 club
rCold  . . .     Gourm    .     a - +0 robe
rNeg   . . .     Faith    .     (no shield)
rPois  .         Spirit   .     (helmet restricted)
rElec  .         Dismiss  .     (no cloak)
rCorr  .         Reflect  .     (no gloves)
SustAt .         Harm     .     (no boots)
MR     .....                    (no amulet)
Stlth  ++........               (no ring)
                                (no ring)

@: not resistant to hostile enchantments, unstealthy
A: hooves 1, horns 1
a: no special abilities


You were on level 2 of the Dungeon.
You were not hungry.

You visited 1 branch of the dungeon, and saw 2 of its levels.

You collected 63 gold pieces.

Inventory:

Hand Weapons
 e - a +0 club (weapon)
Armour
 a - a +0 robe (worn)
Scrolls
 f - a scroll of magic mapping {unknown}
 g - a scroll of immolation {unknown}
 j - a scroll of enchant armour {unknown}
 k - a scroll of remove curse {unknown}
 l - 2 scrolls of recharging {unknown}
Potions
 d - a potion of curing {unknown}
 i - a potion of agility {unknown}
Books
 b - a book of Necromancy

   Spells                             Type                      Level
   a - Pain                           Necromancy                   1
   b - Animate Skeleton               Necromancy                   1
   c - Vampiric Draining              Necromancy                   3
   d - Regeneration                   Charms/Necromancy            3
   e - Animate Dead                   Necromancy                   4
   f - Control Undead                 Necromancy                   4
Comestibles
 c - a bread ration


   Skills:
 * Level 2.3 Fighting
 + Level 2.1 Dodging
 - Level 1.7 Stealth
 + Level 2.3 Spellcasting
 - Level 4.3 Necromancy


You had 5 spell levels left.
You knew the following spells:

 Your Spells              Type           Power        Failure   Level  Hunger
a - Pain                  Necr           ###.         4%          1    #......


Dungeon Overview and Level Annotations

Branches:
Dungeon (2/15)

Altars:


Innate Abilities, Weirdness & Mutations

You have large cloven feet.
You have a pair of small horns on your head.


Message History

You kill the gnoll!
Casting: Pain
Confirm with . or Enter, or press ? or * to list all spells.
Aiming: Pain
Press: ? - help, Shift-Dir - straight line, f - gnoll
Aim: a gnoll, wielding a spear, wearing a leather armour and wearing a shiny opal ring (chance to defeat MR: 80%)
The gnoll convulses in agony!
The gnoll hits you from afar with a spear.
The gnoll hits you with a spear.
* * * LOW HITPOINT WARNING * * *
You see here a club.
You hit the gnoll but do no damage. Your headbutt misses the gnoll.
The gnoll is moderately wounded.
The gnoll hits you with a spear.
* * * LOW HITPOINT WARNING * * *
You hit the gnoll but do no damage. You kick the gnoll, but do no damage.
You headbutt the gnoll, but do no damage.
The gnoll is moderately wounded.
The gnoll hits you but does no damage. The gnoll hits you with a spear!
You die...

# .# .# ####### .# #.....#
.# #.....# .# #.....#
.#####.....###############
.'.........'....@g......g.
.#####.....###.#........#
.## #.....# #.#........#
..## #.....# #.#........#
...# ####### #.#........#
##.## #.#........# #..#
#.#.....$..# ##.#
#.#........[. #.#
....######.##


You could see a gnoll.

Vanquished Creatures
  A gnoll (D:2)
  An ooze (D:1)
  A dart slug (D:2)
  3 giant geckos (D:1)
  3 goblins (D:1)
  4 hobgoblins (D:1)
  4 jackals (D:2)
  4 bats
21 creatures vanquished.

Notes
Turn   | Place    | Note
--------------------------------------------------------------
     0 | D:1      | Oddball22 the Demonspawn Necromancer began the quest for the Orb.
     0 | D:1      | Reached XP level 1. HP: 13/13 MP: 3/3
   459 | D:1      | Reached skill level 1 in Fighting
   498 | D:1      | Gained mutation: You have large cloven feet. [demonic ancestry]
   498 | D:1      | Reached XP level 2. HP: 11/21 MP: 5/5
  1824 | D:2      | Gained mutation: You have a pair of small horns on your head. [demonic ancestry]
  1824 | D:2      | Reached XP level 3. HP: 2/27 MP: 6/6
  2162 | D:2      | Slain by a gnoll

Vault maps used:
D:1:      dpeg_arrival_connections, minmay_misc_feat_five
D:2:      first_bread, minmay_misc_feat_iff

Skill      XL: |  1  2 |
---------------+-------+-----
Fighting       | 1 2 |  2.3
Dodging        | 2 |  2.1
Stealth        | |  1.7
Spellcasting   | |  2.3
Necromancy     | |  4.3

Action                   || total
-------------------------++-------
Melee: Club              ||   110
 Cast: Pain              ||    10
 Stab: Distracted        ||     1
  Eat: Meat ration       ||     1
